 Dungeon Crawl Stone Soup version 0.23.1 (webtiles) character file.

Game seed: 9367078890847623783

26649 pjoxt the Frost Mage (level 13, -3/72 HPs)
             Began as a Gargoyle Ice Elementalist on Mar 12, 2019.
             Was an Elder of Hepliaklqana.
             Killed from afar by a steam dragon (20 damage)
             ... with a ball of steam
             ... on level 4 of the Lair of Beasts.
             The game lasted 01:13:16 (18047 turns).

pjoxt the Frost Mage (Gargoyle Ice Elementalist)   Turns: 18047, Time: 01:13:17

Health: -3/72      AC: 16    Str: 15    XL:     13   Next: 27%
Magic:  0/34       EV: 14    Int: 20    God:    Hepliaklqana [****..]
Gold:   1066       SH:  5    Dex: 13    Spells: 14/28 levels left

rFire    . . .     SeeInvis .   a - +4 rapier "Nyoc" {pierce, rElec}
rCold    + . .     Gourm    .   r - +0 buckler
rNeg     + . .     Faith    .   v - +2 robe {MR+}
rPois    ∞         Spirit   +   P - +0 hat
rElec    +         Reflect  .   f - scarf {Spirit}
rCorr    .         Harm     .   q - +0 pair of gloves
MR       +....                  Q - +0 pair of boots
Stlth    ++........             (no amulet)
HPRegen  0.22/turn              k - ring of Cuajoh {rC+ Str+3 Dex+2}
MPRegen  0.24/turn              d - ring of magical power

@: no status effects
A: reduced essence, negative energy resistance 1, electricity resistance,
unbreathing, petrification resistance, rot immunity, AC +9
a: Recall Ancestor, Ancestor Identity, Transference, Idealise, Renounce Religion


You were on level 4 of the Lair of Beasts.
You worshipped Hepliaklqana.
Hepliaklqana was greatly pleased with you.
You were not hungry.

You visited 4 branches of the dungeon, and saw 17 of its levels.

You collected 1066 gold pieces.

Inventory:

Hand Weapons
 a - the +4 rapier "Nyoc" (weapon) {pierce, rElec}
   (You found it on level 11 of the Dungeon)

   It inflicts extra damage upon your enemies.
   It insulates you from electricity.
 g - a +1 demon whip of venom
Armour
 e - a +0 leather armour of fire resistance
 f - a scarf of spirit shield (worn)
 q - a +0 pair of gloves (worn)
 r - a +0 buckler (worn)
 v - a +2 robe of magic resistance (worn)
 P - a +0 hat (worn)
 Q - a +0 pair of boots (worn)
Magical Staves
 b - an uncursed staff of power
Jewellery
 d - a ring of magical power (right hand)
 i - a +3 ring of protection
 k - the ring of Cuajoh (left hand) {rC+ Str+3 Dex+2}
   (You found it on level 9 of the Dungeon)

   [ring of strength]

   It affects your strength (+3).
   It affects your dexterity (+2).
   It protects you from cold.
 K - an uncursed ring of resist corrosion
Wands
 o - a wand of random effects (4)
 s - a wand of flame (17)
 t - a wand of acid (6)
 y - a wand of clouds (12)
 C - a wand of paralysis (8)
 M - a wand of enslavement (6)
 S - a wand of scattershot (4)
Scrolls
 h - 6 scrolls of magic mapping
 p - 9 scrolls of teleportation
 u - 3 scrolls of remove curse
 x - a scroll of fear
 z - 4 scrolls of fog
 E - a scroll of vulnerability
 H - a scroll of immolation {unknown}
 I - 3 scrolls of amnesia
 L - 2 scrolls of enchant armour
Potions
 l - 9 potions of curing
 n - 2 potions of agility
 w - 4 potions of brilliance
 A - a potion of ambrosia {unknown}
 B - a potion of berserk rage {unknown}
 D - 3 potions of flight
 F - a potion of invisibility
 G - 2 potions of cancellation
 J - 3 potions of degeneration {unknown}
 N - 2 potions of haste {unknown}
Miscellaneous
 m - a box of beasts
 R - a sack of spiders
Comestibles
 c - 36 rations
 j - 2 chunks of flesh


   Skills:
 + Level 9.1 Fighting
 - Level 5.0 Armour
 + Level 4.7 Dodging
 - Level 2.1 Stealth
 - Level 4.0 Shields
 + Level 8.4 Spellcasting
 + Level 10.0 Conjurations
 - Level 3.0 Charms
 + Level 6.5 Summonings
 - Level 11.0 Ice Magic
 + Level 5.2 Invocations


You had 14 spell levels left.
You knew the following spells:

 Your Spells              Type           Power        Failure   Level  Hunger
a - Freeze                Ice            ####         1%          1    None
b - Throw Frost           Conj/Ice       ######       1%          2    None
c - Ozocubu's Armour      Chrm/Ice       #####...     1%          3    None
d - Throw Icicle          Conj/Ice       ######..     1%          4    ###....
e - Summon Ice Beast      Ice/Summ       #####...     2%          4    ###....

Your spell library contained the following spells:

 Spells                   Type           Power        Failure   Level  Hunger
 Searing Ray              Conj           #####.       1%          2    None
 Infusion                 Chrm           ###.         2%          1    None
 Song of Slaying          Chrm           ###.....     3%          2    None
 Static Discharge         Conj/Air       ####....     3%          3    None
 Shroud of Golubria       Chrm/Tloc      ##........   7%          2    None
 Confusing Touch          Hex            #.....       9%          1    None
 Corpse Rot               Necr           N/A          12%         2    None
 Regeneration             Chrm/Necr      ##........   13%         3    None
 Spectral Weapon          Hex/Chrm       ##......     13%         3    None
 Confuse                  Hex            #.......     24%         3    None
 Gell's Gravitas          Tloc           #.........   24%         3    None
 Metabolic Englaciation   Hex/Ice        ####......   24%         5    #####..
 Petrify                  Tmut/Erth      #.......     63%         4    ###....
 Bolt of Fire             Conj/Fire      ####......   85%         6    ######.
 Yara's Violent Unravell  Hex/Tmut       #.........   92%         5    #####..
 Spellforged Servitor     Conj/Summ      #####.....   93%         7    #######


Dungeon Overview and Level Annotations

Branches:
Dungeon (11/15)            Temple (1/1) D:6            Lair (4/6) D:11
  Swamp (0/4) Lair:3       Spider (0/4) Lair:4          Orc (1/2) D:9

Altars:
Ashenzari
Cheibriados
Dithmenos
Elyvilon
Fedhas
Gozag
Hepliaklqana
Kikubaaqudgha
Makhleb
Nemelex Xobeh
Okawaru
Qazlal
Ru
Sif Muna
Trog
Uskayaw
Vehumet
Wu Jian
Xom
Yredelemnul
Zin
The Shining One

Annotations:
D:11 2 transporters


Innate Abilities, Weirdness & Mutations

You are resistant to torment.
Your stone body is resilient. (AC +9)
You are immune to poison.
You resist negative energy. (rN+)
You are resistant to electric shocks. (rElec)
You can survive without breathing.
You are immune to petrification.
You are immune to rotting.
Your life essence is reduced to manifest your ancestor. (-10% HP)


Message History

The steam dragon breathes steam at you. The ball of steam misses you.
The steam dragon breathes steam at you. The ball of steam hits you!
* * * LOW HITPOINT WARNING * * *
The ball of steam hits the fungus!
You are engulfed in a cloud of scalding steam.
The fungus is engulfed in a cloud of scalding steam. x2
You are engulfed in a cloud of scalding steam.
The plant is engulfed in a cloud of scalding steam.
The steam dragon breathes steam at you.
The ball of steam hits the fungus!!
The ball of steam misses you.
The ball of steam hits the plant!
The fungus is engulfed in a cloud of scalding steam.
The fungus is destroyed!
Therio hits the steam dragon with a +0 flail.
There is a stone staircase leading up here.
The steam dragon breathes steam at you.
The ball of steam hits the plant!
The ball of steam hits you!!
You die...

##### ### ####.#.###
######.##
##.......§#####.......#
##.........##.§#.......##
#.+......§.##.##........#
...........+.DP§@.......#
##..§§§..RD.D..+.......##
###..§R....P#P##.......#
#.#...<....######.###.##
.....§...§.# ### #.#
8.....≈÷.##.# ##.## ##
..........### #####...#
###P#### ..≈....##.##
##..##'#####.......
...≈≈.###..#
#.........##.......


You could see the friendly Therio the knight and 2 steam dragons.

Vanquished Creatures
  A fire dragon (Lair:4)
  Pikel (D:7)
  2 black mambas
  2 spiny frogs
  4 rime drakes (Lair:4)
  4 komodo dragons
  2 trolls (D:11)
  A jumping spider (Lair:4)
  2 wraiths
  4 yaks
  A basilisk (Lair:1)
  A vampire mosquito (D:10)
  2 water moccasins (Lair:3)
  An acid dragon (D:11)
  A porcupine (Lair:4)
  4 orc warriors
  A sky beast (D:9)
  A phantom (D:10)
  An ogre (D:6)
  3 centaurs
  A crocodile (Lair:4)
  Blork the orc (D:5)
  2 big kobolds
  4 bullfrogs
  3 scorpions
  6 killer bees
  A wight (D:11)
  A crimson imp (D:5)
  A bullfrog zombie (D:6)
  A centaur zombie (D:5)
  A jelly (D:6)
  6 hounds
  4 orc priests
  2 bullfrog skeletons (D:7)
  9 orc wizards
  Terence (D:3)
  5 worker ants
  A killer bee zombie (D:5)
  A howler monkey zombie (D:6)
  Robin (D:3)
  3 gnolls (D:4)
  7 adders
  2 oozes
  3 worms
  A dart slug (D:1)
  5 leopard geckos
  31 orcs
  4 ball pythons
  2 giant cockroaches
  12 goblins
  11 hobgoblins
  10 jackals
  16 kobolds
  3 quokkas
  8 bats
  5 frilled lizards
  A hobgoblin zombie (D:4)
  A kobold zombie (D:4)
  An orc zombie (D:4)
  A quokka zombie (D:6)
  20 rats
238 creatures vanquished.

Vanquished Creatures (collateral kills)
  Gastronok (Lair:3)
  Erolcha (D:11)
  A centaur warrior (D:9)
  A hydra (Lair:2)
  A two-headed ogre (D:11)
  A deep elf mage (D:9)
  An ugly thing (D:9)
  2 black mambas
  5 spiny frogs
  A centaur zombie (D:11)
  A komodo dragon (Lair:4)
  10 rime drakes
  3 jumping spiders (Lair:4)
  3 blink frogs (Lair:3)
  4 slime creatures (D:9)
  3 hippogriffs
  2 bog bodies (Lair:3)
  Sigmund (D:3)
  A wraith (D:8)
  A spriggan (D:8)
  13 yaks
  2 basilisks (Lair:3)
  4 steam dragons (Lair:4)
  2 hungry ghosts
  3 vampire mosquitoes (D:10)
  Edmund (D:5)
  3 insubstantial wisps (D:10)
  2 swamp worms (Lair:3)
  A water moccasin (Lair:1)
  2 porcupines
  2 sky beasts
  2 phantoms
  3 orc warriors
  3 black bears
  An eye of draining (D:11)
  A centaur (D:9)
  4 wolves (Lair:4)
  3 ogres
  2 crocodiles
  8 bullfrogs
  A gnoll sergeant (D:11)
  A wyvern skeleton (D:6)
  2 scorpions
  3 killer bees (D:11)
  An electric eel (Lair:3)
  5 wights
  A crimson imp (D:7)
  2 bullfrog zombies (D:8)
  4 hounds
  4 orc priests
  A jelly (D:11)
  A bullfrog skeleton (D:11)
  2 iguanas (D:9)
  4 orc wizards
  3 worker ants
  A killer bee zombie (D:8)
  A hound skeleton (D:9)
  A mummy (D:4)
  5 gnolls (D:11)
  3 adders
  A shadow imp (D:9)
  An adder skeleton (D:9)
  An adder zombie (D:9)
  A leopard gecko (D:3)
  16 orcs
  A bat (D:3)
  4 goblins (D:3)
  2 jackals
  3 kobolds
  A hobgoblin zombie (D:4)
  A quokka skeleton (D:9)
  A fungus (Lair:4)
185 creatures vanquished.

Vanquished Creatures (others)
  A vampire mosquito (D:10)
  An orc wizard (D:7)
  6 knights
  2 ancestors
  An adder (D:7)
  An orc (D:7)
  2 jackals (D:7)
  2 kobolds (D:7)
  2 fungi (Lair:4)
  4 plants (Lair:4)
22 creatures vanquished.

Grand Total: 445 creatures vanquished

Notes
Turn   | Place    | Note
-------+----------+-------------------------------------------
     0 | D:1      | pjoxt the Gargoyle Ice Elementalist began the quest for the
                  | Orb.
     0 | D:1      | Reached XP level 1. HP: 10/10 MP: 3/3
   266 | D:2      | Reached XP level 2. HP: 15/15 MP: 0/5
   652 | D:1      | Learned a level 2 spell: Throw Frost
   714 | D:1      | Reached skill level 1 in Shields
  1242 | D:1      | Reached XP level 3. HP: 19/19 MP: 4/6
  1909 | D:2      | Reached skill level 4 in Ice Magic
  1925 | D:2      | Reached XP level 4. HP: 20/24 MP: 1/7
  2759 | D:2      | Reached XP level 5. HP: 27/28 MP: 0/9
  3053 | D:3      | Noticed Sigmund
  3151 | D:3      | Found a sparkling altar of Nemelex Xobeh.
  3757 | D:5      | Entered Level 5 of the Dungeon
  3819 | D:5      | Reached skill level 5 in Ice Magic
  3872 | D:5      | Reached XP level 6. HP: 32/32 MP: 4/10
  3922 | D:5      | Learned a level 3 spell: Ozocubu's Armour
  4218 | D:5      | Found a sacrificial altar of Ru.
  4249 | D:5      | Noticed Blork the orc
  4259 | D:5      | Killed Blork the orc
  4679 | D:4      | Reached XP level 7. HP: 27/36 MP: 12/12
  4981 | D:5      | Reached skill level 6 in Ice Magic
  5435 | D:6      | Found a staircase to the Ecumenical Temple.
  5485 | Temple   | Entered the Ecumenical Temple
  5655 | Temple   | Became a worshipper of Hepliaklqana the Forgotten
  5784 | D:6      | Reached skill level 7 in Ice Magic
  5792 | D:6      | Reached XP level 8. HP: 35/36 MP: 14/14
  5853 | D:6      | Learned a level 4 spell: Throw Icicle
  6134 | D:7      | Reached skill level 1 in Fighting
  6201 | D:7      | Reached * piety under Hepliaklqana
  6280 | D:7      | Reached skill level 5 in Spellcasting
  6327 | D:7      | Reached skill level 8 in Ice Magic
  6512 | D:7      | Noticed Pikel
  6542 | D:7      | Killed Pikel
  6542 | D:7      | Reached XP level 9. HP: 43/45 MP: 17/17
  7308 | D:6      | Reached skill level 9 in Ice Magic
  7700 | D:5      | Noticed Edmund
  7727 | D:5      | Killed Edmund
  7850 | D:5      | Reached ** piety under Hepliaklqana
  7856 | D:5      | Learned a level 4 spell: Summon Ice Beast
  8244 | D:3      | Noticed Robin
  8265 | D:3      | Killed Robin
  8392 | D:3      | Killed Sigmund
  8392 | D:3      | Reached skill level 1 in Summonings
  8474 | D:3      | Remembered your ancestor Therio as a knight
  8478 | D:3      | Noticed Terence
  8496 | D:3      | Killed Terence
  9163 | D:8      | Reached skill level 5 in Conjurations
  9184 | D:8      | Reached XP level 10. HP: 45/52 MP: 11/19
  9191 | D:8      | Reached skill level 5 in Fighting
  9455 | D:8      | Reached *** piety under Hepliaklqana
  9999 | D:9      | Noticed a centaur warrior
  9999 | D:9      | Noticed a green ugly thing
 10020 | D:9      | Killed a green ugly thing
 10216 | D:9      | Noticed a deep elf mage
 10231 | D:9      | Killed a deep elf mage
 10231 | D:9      | Reached skill level 10 in Ice Magic
 10247 | D:9      | Killed a centaur warrior
 10247 | D:9      | Reached skill level 1 in Charms
 10875 | D:9      | Reached XP level 11. HP: 55/57 MP: 14/21
 11258 | D:9      | Got a pitted bronze ring
 11291 | D:9      | Found a staircase to the Orcish Mines.
 11360 | D:9      | Reached **** piety under Hepliaklqana
 11585 | D:10     | Entered Level 10 of the Dungeon
 11636 | D:10     | Identified the ring of Cuajoh {rC+ Str+3 Dex+2} (You found
                  | it on level 9 of the Dungeon)
 12256 | Orc:1    | Entered Level 1 of the Orcish Mines
 12520 | Orc:1    | Noticed an orc knight
 12633 | D:11     | Noticed Erolcha
 12704 | D:11     | Killed Erolcha
 12840 | D:11     | Reached skill level 1 in Armour
 12994 | D:11     | Found a transporter.
 13132 | D:11     | Noticed a deep elf knight
 13133 | D:11     | Noticed an orc sorcerer
 13134 | D:11     | Noticed a fire crab
 13192 | D:11     | Found a transporter.
 13244 | D:11     | Got an ancient rapier
 13246 | D:11     | Identified the +4 rapier "Nyoc" {pierce, rElec} (You found
                  | it on level 11 of the Dungeon)
 13320 | D:11     | Found a basalt altar of Yredelemnul.
 13327 | D:11     | Found a staircase to the Lair.
 13378 | D:11     | Reached ***** piety under Hepliaklqana
 13574 | D:11     | Noticed a two-headed ogre
 13593 | D:11     | Killed a two-headed ogre
 13593 | D:11     | Reached skill level 1 in Invocations
 13873 | Lair:1   | Entered Level 1 of the Lair of Beasts
 13882 | Lair:1   | Got a twisted great sword
 14046 | Lair:1   | Reached XP level 12. HP: 35/64 MP: 9/23
 14305 | Lair:1   | Reached skill level 5 in Summonings
 14538 | Lair:1   | Got a smoking great sword
 14850 | Lair:2   | Noticed a seven-headed hydra
 14864 | Lair:2   | Killed a seven-headed hydra
 15115 | Lair:2   | Reached skill level 11 in Ice Magic
 15649 | Lair:3   | Noticed Gastronok
 15662 | Lair:3   | Killed Gastronok
 15782 | Lair:3   | Identified the Tome of Confrontation and Black Secrets
 16212 | Lair:3   | Found a staircase to the Swamp.
 16357 | Lair:3   | Reached ****** piety under Hepliaklqana
 17085 | Lair:4   | Reached XP level 13. HP: 69/71 MP: 25/25
 17115 | Lair:4   | Reached skill level 5 in Armour
 17574 | Lair:4   | Reached skill level 5 in Invocations
 17633 | Lair:4   | Found a hole to the Spider Nest.
 18004 | Lair:4   | Noticed a fire dragon
 18036 | Lair:4   | Killed a fire dragon
 18036 | Lair:4   | Reached skill level 10 in Conjurations
 18047 | Lair:4   | Killed from afar by a steam dragon

Skill      XL: |  1  2  3  4  5  6  7  8  9 10 11 12 13 |
---------------+----------------------------------------+-----
Shields        | 1 2 3 4 |  4.0
Ice Magic      | 4 5 7 8 9 10 11 | 11.0
Spellcasting   | 3 4 5 6 7 8 |  8.4
Fighting       | 3 4 6 7 8 9 |  9.1
Conjurations   | 3 5 7 8 9 10 | 10.0
Summonings     | 1 3 4 6 |  6.5
Charms         | 1 3 |  3.0
Armour         | 2 4 5 |  5.0
Dodging        | 2 4 |  4.7
Invocations    | 1 4 5 |  5.2
Stealth        | |  2.1

Action                   |  1- 3 |  4- 6 |  7- 9 | 10-12 | 13-15 || total
-------------------------+-------+-------+-------+-------+-------++-------
Melee: Club              |   173 |   101 |       |       |       ||   274
       Short sword       |       |    21 |     8 |       |       ||    29
       Dagger            |       |       |   328 |   239 |       ||   567
       Rapier            |       |       |       |    89 |    25 ||   114
       Staff             |       |       |       |       |     3 ||     3
 Cast: Freeze            |    44 |    93 |    75 |    40 |    16 ||   268
       Throw Frost       |     5 |    14 |    23 |    34 |     5 ||    81
       Ozocubu's Armour  |       |     1 |    25 |    11 |     1 ||    38
       Summon Ice Beast  |       |       |     5 |    55 |    20 ||    80
       Throw Icicle      |       |       |     1 |    39 |     2 ||    42
Invok: Recall Ancestor   |       |       |     1 |     4 |       ||     5
       Ancestor Life: Kn |       |       |     1 |       |       ||     1
       Ancestor Identity |       |       |     1 |       |       ||     1
       Transference      |       |       |       |     1 |       ||     1
Evoke: Wand              |       |     9 |       |    17 |       ||    26
       Sack of spiders   |       |       |       |       |     1 ||     1
  Use: Scroll            |     2 |     6 |       |    18 |       ||    26
       Potion            |       |     1 |       |       |     2 ||     3
 Stab: Sleeping          |     5 |     3 |     3 |       |       ||    11
       Distracted        |       |     1 |     1 |     2 |     1 ||     5
  Eat: Chunk             |     4 |    10 |    17 |    31 |     5 ||    67
       Ration            |       |       |       |     4 |       ||     4
Armor: Robe              |    86 |    81 |   139 |   198 |    50 ||   554
Dodge: Dodged            |   124 |   130 |   214 |   234 |    61 ||   763
Block: Buckler           |    38 |    33 |    78 |   105 |    13 ||   267
